 Dungeon Crawl Stone Soup version 0.20.1-1-g8b1a95d (webtiles) character file.

382 asdaf the Skirmisher (level 6, -2/62 HPs)
             Began as a Troll Fighter on Nov 8, 2017.
             Was an Initiate of Ru.
             Killed from afar by an orc wizard (7 damage)
             ... with a magic dart
             ... on level 4 of the Dungeon.
             The game lasted 00:06:02 (3075 turns).

asdaf the Skirmisher (Troll Fighter)                Turns: 3075, Time: 00:06:03

Health: -2/62      AC:  7    Str: 25    XL:     6   Next: 47%
Magic:  5/5        EV:  9    Int:  4    God:    Ru [......]
Gold:   124        SH:  0    Dex: 11    Spells: 5/5 levels left

rFire    . . .     SeeInvis .     - Unarmed
rCold    . . .     Gourm    +   b - +0 shield
rNeg     . . .     Faith    .   n - +1 animal skin
rPois    .         Spirit   .   h - +1 hat
rElec    .         Reflect  .   (no cloak)
rCorr    .         Harm     .   (gloves unavailable)
MR       .....                  (boots unavailable)
Stlth    +.........             (no amulet)
Regen    0.6/turn               (no ring)
MPRegen  0.1/turn               (no ring)

@: confused
A: unfitting armour, claws 3, fast metabolism 3, gourmand, regeneration 1,
shaggy fur 1, tough skin 2
a: Renounce Religion


You were on level 4 of the Dungeon.
You worshipped Ru.
Ru was noncommittal.
You were completely stuffed.

You visited 1 branch of the dungeon, and saw 5 of its levels.

You collected 124 gold pieces.

Inventory:

Armour
 b - a +0 shield (worn)
 h - a +1 hat (worn)
 n - a +1 animal skin (worn)
Scrolls
 e - 2 scrolls of recharging {unknown}
 k - a scroll of noise {unknown}
 l - a scroll of identify {unknown}
Potions
 c - a potion of might
 g - 2 potions of invisibility
 i - a potion of brilliance {unknown}
 j - a potion of resistance {unknown}
 m - a potion of curing {unknown}
Comestibles
 d - 2 bread rations
 f - 5 chunks of flesh


   Skills:
 + Level 3.7 Fighting
 + Level 3.6 Dodging
 + Level 3.6 Shields
 + Level 3.7 Unarmed Combat


You had 5 spell levels left.
You didn't know any spells.

Dungeon Overview and Level Annotations

Branches:
Dungeon (5/15)
 Temple: D:4-7

Altars:
Elyvilon
Ru
Uskayaw

Annotations:
D:2 exclusion: downstairs
D:3 Glalom's ghost, amateur MiFi


Innate Abilities, Weirdness & Mutations

You are too large for most types of armour.
You have claws for hands.
Your metabolism is lightning-fast.
You like to eat raw meat.
Your natural rate of healing is unusually fast.
You are covered in fur. (AC +1)
You have very tough skin. (AC +2)


Message History

You closely miss something. The orc wizard casts a spell at you.
The magic dart hits you! Something hits you but does no damage.
You hear some strange, mumbled words.
A puff of flame appears from out of thin air!
The puff of flame hits you!
* * * LOW HITPOINT WARNING * * *
There is a stone staircase leading down here.
You hear some strange, mumbled words.
You are confused.
You bump into the rock wall.
The orc wizard gestures at you while chanting.
You resist with some effort. Something hits you but does no damage.
You bump into the rock wall.
You hear some strange, mumbled words.
Something tries to affect you, but you resist.
You miss something.
The orc wizard points at you and mumbles some strange words.
The magic dart hits you!
You die...

#.# #.# #.#
#.# #.# #.#
#.#
#.#####.#..
#{@o.......
###........
#######.#


You could see an orc wizard.

Vanquished Creatures
  Grinder (D:3)
  Robin (D:3)
  7 adders
  A shadow imp (D:3)
  2 worms
  3 dart slugs
  3 leopard geckos
  3 orcs
  2 giant cockroaches
  15 goblins
  10 hobgoblins
  7 jackals (D:2)
  9 kobolds
  4 quokkas
  2 ball pythons
  4 bats
  3 frilled lizards (D:1)
  10 rats
87 creatures vanquished.

Notes
Turn   | Place    | Note
-------+----------+-------------------------------------------
     0 | D:1      | asdaf the Troll Fighter began the quest for the Orb.
     0 | D:1      | Reached XP level 1. HP: 22/22 MP: 0/0
    54 | D:1      | Reached XP level 2. HP: 29/29 MP: 1/1
   359 | D:1      | Reached XP level 3. HP: 34/36 MP: 2/2
   988 | D:2      | Reached XP level 4. HP: 41/44 MP: 3/3
  1240 | D:2      | Found a sacrificial altar of Ru.
  1304 | D:2      | Became a worshipper of Ru the Awakened
  1665 | D:3      | Noticed Grinder
  2345 | D:3      | Paralysed by Grinder for 5 turns
  2360 | D:3      | Killed Grinder
  2360 | D:3      | Reached XP level 5. HP: 31/53 MP: 4/4
  2360 | D:3      | Reached XP level 6. HP: 36/61 MP: 5/5
  2576 | D:3      | Noticed Glalom's ghost (amateur MiFi)
  2970 | D:3      | Found a faded altar of an unknown god.
  2970 | D:3      | Found a hide-covered altar of Uskayaw.
  2970 | D:3      | Noticed Robin
  2990 | D:3      | Killed Robin
  3032 | D:3      | Found a white marble altar of Elyvilon.
  3034 | D:3      | Found a sacrificial altar of Ru.
  3036 | D:3      | Found a faded altar of an unknown god.
  3036 | D:3      | You fall through a shaft for 2 floors!
  3036 | D:5      | Entered Level 5 of the Dungeon
  3071 | D:4      | HP: 2/62 [something/puff of flame (8)]
  3075 | D:4      | Killed from afar by an orc wizard

Skill      XL: |  1  2  3  4 |
---------------+-------------+-----
Shields        | 3 |  3.6
Fighting       | 3 |  3.7
Dodging        | 3 |  3.6
Unarmed Combat | 3 |  3.7

Action                   |  1- 3 |  4- 6 || total
-------------------------+-------+-------++-------
Melee: Unarmed           |   116 |   190 ||   306
 Stab: Sleeping          |     2 |       ||     2
  Eat: Chunk             |     6 |    23 ||    29
       Meat ration       |       |     1 ||     1
Armor: Robe              |    44 |    49 ||    93
       Animal skin       |       |    22 ||    22
Dodge: Dodged            |    33 |    76 ||   109
Block: Shield            |    50 |    87 ||   137
